Description

Pre-stim tank-bio push with widow mine drop and liberator harrass

VOD

https://www.youtube.com/watch?v=Jq7JBjbZS9I

Replay - 2020-05-10 - (T)liquidthermy VS (P)A.I. 1 (Very Easy)

Build Order

Get SALT Encoding   

  12  0:01  SCV  
  13  0:13  SCV  
  14  0:17  Supply Depot  
  14  0:25  SCV  
  15  0:38  SCV  
  15  0:39  Barracks  
  16  0:43  Refinery  
  16  0:50  SCV  
  17  1:02  SCV  
  18  1:15  SCV  
  19  1:26  Reaper  
  19  1:27  Orbital Command  
  20  1:39  Command Center  
  20  1:49  Supply Depot  
  20  1:52  SCV  
  21  1:58  Marine  
  22  2:04  SCV  
  22  2:06  Factory  
  23  2:16  Bunker, SCV  
  23  2:20  Barracks Reactor  
  24  2:24  Refinery  
  26  2:51  Orbital Command  
  26  2:53  Starport  
  26  2:56  Marine x2  
  29  3:04  Widow Mine  
  32  3:14  Marine x2  
  36  3:25  Widow Mine, Supply Depot  
  38  3:30  Medivac  
  38  3:32  Marine x2  
  44  3:38  Supply Depot  
  45  3:47  Factory Tech Lab  
  46  3:50  Marine x2  
  50  4:02  Supply Depot  
  50  4:05  Siege Tank  
  50  4:07  Marine  
  55  4:17  Liberator  
  66  4:36  Command Center  
  66  4:38  Siege Tank  
  78  5:09  Barracks x2  
  78  5:10  Siege Tank  
  82  5:19  Starport Tech Lab  
  85  5:24  Engineering Bay x2  
  86  5:28  Refinery x2  
  89  5:43  Siege Tank  
  89  5:48  Orbital Command  
  93  5:56  Starport Reactor  
  98  6:13  Barracks x2  
  102  6:21  Marauder  
  102  6:22  Factory Reactor  
Spawning Tool Build Advisor. Get it on Overwolf

Go to:

Details

  • Created by: eCakes
  • Published on: May 11, 2020
  • Modified on: May 12, 2020
  • Patch: 4.11.0
Show
View Real Time Build Order
Export as new Build Order

Comments (0)

There are no comments. Be the first!

Create an account to comment!